 Dungeon Crawl Stone Soup version 0.23.2-40-g277498a001 (webtiles) character file.

Game seed: 4641612162606661507

13556 Aggronaut the Basher (level 11, -2/102 HPs)
             Began as a Green Draconian Berserker on Sept 27, 2019.
             Was a High Priest of Trog.
             Slain by an eight-headed hydra (9 damage)
             ... on level 1 of the Lair of Beasts.
             The game lasted 00:25:04 (10303 turns).

Aggronaut the Basher (Green Draconian Berserker)   Turns: 10303, Time: 00:25:04

Health: -2/102     AC:  9    Str: 20    XL:     11   Next: 77%
Magic:  11/11      EV: 17    Int:  8    God:    Trog [*****.]
Gold:   592        SH:  0    Dex: 15    Spells: 10/10 levels left

rFire    . . .     SeeInvis +   n - +10 flail of Beogh's Castigation {venom, rC+ Dex+2}
rCold    + . .     Gourm    .   (no shield)
rNeg     . . .     Faith    .   (armour unavailable)
rPois    +         Spirit   .   e - +1 hat {SInv}
rElec    .         Reflect  .   q - scarf {cloud immunity}
rCorr    +         Harm     .   (no gloves)
MR       .....                  p - +0 pair of boots
Stlth    +.........             (no amulet)
HPRegen  0.27/turn              C - ring of resist corrosion
MPRegen  0.12/turn              v - ring of flight

@: berserk cooldown, very slightly contaminated, slowed, invisible, very slow
A: breathe noxious fumes, unfitting armour, poison resistance, cold-blooded, AC
+7
a: Breathe Noxious Fumes, Berserk, Trog's Hand, Brothers in Arms, Renounce
Religion, Evoke Flight


You were on level 1 of the Lair of Beasts.
You worshipped Trog.
Trog was extremely pleased with you.
You were hungry.

You visited 2 branches of the dungeon, and saw 11 of its levels.

You collected 592 gold pieces.

Inventory:

Hand Weapons
 a - a +0 hand axe
 n - the +10 flail of Beogh's Castigation (weapon) {venom, rC+ Dex+2}
   (You found it on level 4 of the Dungeon)

   It poisons the flesh of those it strikes.
   It affects your dexterity (+2).
   It protects you from cold.
Armour
 e - a +1 hat of see invisible (worn)
 p - a +0 pair of boots (worn)
 q - a scarf of cloud immunity (worn)
 B - a cursed +0 large shield
 H - a +0 cloak
Jewellery
 t - an uncursed ring of fire
 v - a ring of flight (right hand)
 x - an uncursed ring of positive energy
 C - a ring of resist corrosion (left hand)
Wands
 o - a wand of iceblast (6)
 u - a wand of enslavement (12)
 y - a wand of acid (14)
 A - a wand of paralysis (6)
Scrolls
 c - 3 scrolls of enchant weapon {unknown}
 d - 2 scrolls of enchant armour {unknown}
 f - 5 scrolls of remove curse
 g - a scroll of magic mapping
 i - 5 scrolls of teleportation
 w - a scroll of fog
Potions
 h - 2 potions of resistance
 j - 3 potions of lignification
 m - 4 potions of curing
 r - 3 potions of might
 s - a potion of mutation
 z - 2 potions of flight
Comestibles
 b - 22 rations
 E - 4 chunks of flesh


   Skills:
 + Level 11.1 Fighting
 - Level 4.9(10.4) Axes
 - Level 13.8(14.1) Maces & Flails
 * Level 7.1 Dodging


You had 10 spell levels left.
You didn't know any spells.
Your spell library contained the following spells:

 Spells                   Type           Power        Failure   Level  Hunger
 Freeze                   Ice            #...         41%         1    ##.....
 Poisonous Vapours        Pois/Air       #.....       54%         2    ###....
 Throw Frost              Conj/Ice       #.....       54%         2    ###....
 Conjure Flame            Conj/Fire      #.......     78%         3    ####...
 Mephitic Cloud           Conj/Pois/Air  #.......     78%         3    ####...
 Ozocubu's Armour         Chrm/Ice       #.......     78%         3    ####...
 Summon Ice Beast         Ice/Summ       #.......     99%         4    #####..
 Throw Icicle             Conj/Ice       #.......     99%         4    #####..
 Freezing Cloud           Conj/Ice/Air   #.........   100%        6    #######
 Ring of Flames           Chrm/Fire      #.........   100%        7    #######


Dungeon Overview and Level Annotations

Branches:
Dungeon (10/15)            Temple (0/1) D:6            Lair (1/6) D:10
    Orc: D:9-12

Altars:
Ashenzari
Gozag
Hepliaklqana
Okawaru
Vehumet
Xom
Yredelemnul
The Shining One


Innate Abilities, Weirdness & Mutations

You can breathe blasts of noxious fumes.
Your lurid green scales are hard. (AC +7)
You cannot fit into any form of body armour.
Your system is resistant to poisons. (rPois)
You are cold-blooded and may be slowed by cold attacks.


Message History

You bludgeon the eight-headed hydra!! You tail-slap the eight-headed hydra.
The eight-headed hydra is moderately wounded.
The eight-headed hydra bites you!
* * * LOW HITPOINT WARNING * * *
The eight-headed hydra misses you. x2
The eight-headed hydra closely misses you.
The eight-headed hydra bites you!
* * * LOW HITPOINT WARNING * * *
The eight-headed hydra bites you but does no damage.
The eight-headed hydra misses you.
The eight-headed hydra closely misses you.
Blink to where?
Press: ? - help, Dir - move target cursor You are very lightly contaminated with residual magic.
As you read the scroll of blinking, it crumbles to dust.
Really quaff the potion of lignification?
Okay, then.
You fade into invisibility!
The eight-headed hydra bites you!
You die...

# #.### #.....##.####..†.
.###.#####.#P###.#..#.....##.##.
.................##...........##
######.##.#####.####†##..#..###
#.#### ..## #.....###### #.#
#..#######..##)## #.#
####.#.####.........
##P###.#####..#................
...............@D............†..
#######.###.####................
### ### #................
#.÷.............. #####
#................
#####.#.#########................
.................................
.#.###..###..........####..#.####
#### #### #..........# ####.# #


You could see an eight-headed hydra.

Vanquished Creatures
  Gastronok (D:8)
  Erica (D:10)
  A two-headed ogre (D:6)
  An unseen horror (D:10)
  Pikel (D:7)
  A black mamba (Lair:1)
  2 spiny frogs (Lair:1)
  A komodo dragon (Lair:1)
  A polar bear (D:9)
  2 trolls
  3 hippogriffs
  5 yaks (D:9)
  7 porcupines (Lair:1)
  A sky beast (D:10)
  2 black bears
  2 orc warriors
  9 ice beasts
  A slave (D:7)
  2 necrophages (D:6)
  2 phantoms
  9 wolves
  4 centaurs
  6 ogres
  3 crocodiles
  3 big kobolds
  6 bullfrogs
  A wyvern zombie (D:9)
  12 killer bees
  3 wights (D:9)
  7 electric eels
  2 howler monkeys
  2 bullfrog zombies
  3 crimson imps
  5 hounds
  2 orc wizards
  An orc priest (D:10)
  A bullfrog skeleton (D:8)
  A centaur skeleton (D:9)
  4 iguanas
  7 worker ants
  2 worker ant zombies
  8 adders
  A hound simulacrum (D:9)
  A shadow imp (D:7)
  A white imp (D:9)
  4 ufetubi (D:9)
  An ooze (D:4)
  An adder zombie (D:9)
  An adder skeleton (D:5)
  2 worms (D:3)
  3 dart slugs
  2 adder simulacra (D:9)
  5 leopard geckos
  25 orcs
  5 giant cockroaches
  8 goblins
  4 hobgoblins
  2 jackals (D:3)
  2 quokkas
  2 ball pythons
  11 bats
  11 frilled lizards
  A jackal skeleton (D:7)
  18 kobolds
  A leopard gecko skeleton (D:5)
  3 leopard gecko zombies
  6 rats
  A spectral orc (D:5)
260 creatures vanquished.

Vanquished Creatures (others)
  A slave (D:7)
  A killer bee (D:7)
2 creatures vanquished.

Grand Total: 262 creatures vanquished

Notes
Turn   | Place    | Note
-------+----------+-------------------------------------------
     0 | D:1      | Aggronaut the Draconian Berserker began the quest for the
                  | Orb.
     0 | D:1      | Reached XP level 1. HP: 19/19 MP: 1/1
   216 | D:1      | Reached XP level 2. HP: 26/26 MP: 2/2
   686 | D:1      | Reached XP level 3. HP: 33/33 MP: 3/3
  1025 | D:2      | Found a shimmering altar of Xom.
  1026 | D:2      | Found a shimmering altar of Xom.
  1026 | D:2      | Found a shimmering altar of Xom.
  1029 | D:2      | Found a shimmering altar of Xom.
  1152 | D:2      | Reached ** piety under Trog
  1300 | D:2      | You fall through a shaft for 2 floors!
  1312 | D:4      | Noticed an ogre
  1318 | D:4      | Killed an ogre
  1318 | D:4      | Reached XP level 4. HP: 41/41 MP: 4/4
  1360 | D:4      | Got a bloodstained flail
  1361 | D:4      | Identified the +10 flail of Beogh's Castigation {venom, rC+
                  | Dex+2} (You found it on level 4 of the Dungeon)
  1387 | D:4      | Reached XP level 5. HP: 47/47 MP: 5/5
  1603 | D:3      | Reached skill level 1 in Maces & Flails
  1670 | D:3      | Reached skill level 2 in Maces & Flails
  2123 | D:2      | Reached *** piety under Trog
  2248 | D:4      | Reached skill level 5 in Fighting
  2258 | D:4      | Reached XP level 6. HP: 15/56 MP: 6/6
  2574 | D:4      | Found a radiant altar of Vehumet.
  2597 | D:4      | Reached skill level 3 in Maces & Flails
  3032 | D:5      | Entered Level 5 of the Dungeon
  3118 | D:5      | Found an opulent altar of Gozag.
  3343 | D:5      | Reached skill level 4 in Maces & Flails
  3433 | D:5      | Found a basalt altar of Yredelemnul.
  3545 | D:5      | Found a hazy altar of Hepliaklqana.
  3802 | D:6      | Noticed a two-headed ogre
  3816 | D:6      | Killed a two-headed ogre
  3816 | D:6      | Reached skill level 7 in Maces & Flails
  3816 | D:6      | Your scales start taking on a lurid green colour.
  3816 | D:6      | Reached XP level 7. HP: 61/61 MP: 7/7
  3816 | D:6      | Gained mutation: Your system is resistant to poisons.
                  | (rPois) [Green Draconian growth]
  3816 | D:6      | Reached XP level 8. HP: 68/68 MP: 8/8
  3878 | D:6      | Reached skill level 8 in Maces & Flails
  3975 | D:6      | Reached skill level 9 in Maces & Flails
  4212 | D:6      | Found a staircase to the Ecumenical Temple.
  4496 | D:7      | Found a glowing golden altar of the Shining One.
  4496 | D:7      | Found a shattered altar of Ashenzari.
  4593 | D:7      | Reached skill level 10 in Maces & Flails
  4819 | D:7      | Reached **** piety under Trog
  4826 | D:7      | Noticed Pikel
  4837 | D:7      | Killed Pikel
  4837 | D:7      | Reached skill level 11 in Maces & Flails
  4837 | D:7      | Reached XP level 9. HP: 64/72 MP: 9/9
  5446 | D:8      | Noticed Gastronok
  5470 | D:8      | Killed Gastronok
  5470 | D:8      | Reached skill level 13 in Maces & Flails
  5470 | D:8      | Reached XP level 10. HP: 81/81 MP: 10/10
  5634 | D:8      | Found an iron altar of Okawaru.
  6742 | D:9      | Reached ***** piety under Trog
  8229 | D:10     | Entered Level 10 of the Dungeon
  8234 | D:9      | Reached XP level 11. HP: 84/97 MP: 11/11
  8544 | D:10     | Found a staircase to the Lair.
  8722 | D:10     | Reached skill level 10 in Fighting
  8923 | D:10     | Noticed Erica
  8924 | D:10     | Noticed an unseen horror
  8938 | D:10     | Killed Erica
  8943 | D:10     | Killed an unseen horror
  9069 | D:10     | Received a gift from Trog
  9300 | D:10     | Reached skill level 5 in Dodging
  9904 | Lair:1   | Entered Level 1 of the Lair of Beasts
 10287 | Lair:1   | Noticed a five-headed hydra
 10287 | Lair:1   | Noticed an eight-headed hydra
 10291 | Lair:1   | HP: 2/102 [eight-headed hydra (15)]
 10303 | Lair:1   | Slain by an eight-headed hydra

Skill      XL: |  1  2  3  4  5  6  7  8  9 10 11 |
---------------+----------------------------------+-----
Axes           | 4 |  4.9
Fighting       | 4 5 9 11 | 11.1
Maces & Flails | 2 7 11 13 | 13.8
Dodging        | 7 |  7.1

Action                   |  1- 3 |  4- 6 |  7- 9 | 10-12 || total
-------------------------+-------+-------+-------+-------++-------
Melee: Hand axe          |   101 |     3 |       |       ||   104
       Tailslap          |     7 |    13 |    25 |    45 ||    90
       Flail             |       |   118 |   119 |   359 ||   596
Invok: Berserk           |     1 |     2 |     2 |     3 ||     8
 Abil: Breathe Noxious F |       |       |     1 |     4 ||     5
  Use: Potion            |       |     1 |     1 |     3 ||     5
       Scroll            |       |     9 |     2 |     9 ||    20
 Stab: Sleeping          |     1 |       |       |     1 ||     2
       Confused          |       |       |     1 |     1 ||     2
  Eat: Chunk             |     1 |     9 |     6 |    15 ||    31
       Ration            |       |       |     1 |     1 ||     2
Armor: Skin              |    41 |    32 |    21 |    90 ||   184
Dodge: Dodged            |    93 |    99 |    93 |   215 ||   500
